 Dungeon Crawl Stone Soup version 0.31-a0-832-g3a2c1c66ba (webtiles) character file.

Game seed: 4375320808537886364

2580053 CrazyBamboolord the Skinwalker (level 27, 374/380 HPs)
             Began as a Troll Shapeshifter on Sept 25, 2023.
             Was the Champion of Ru.
             Escaped with the Orb
             ... and 4 runes!
             The game lasted 03:08:41 (61910 turns).

CrazyBamboolord the Skinwalker (TrSh)              Turns: 61910, Time: 03:08:42

Health: 374/380    AC: 40    Str: 36      XL:     27
Magic:  17/17      EV: 13    Int:  9 (10) God:    Ru [******]
Gold:   5952       SH: 22    Dex:  6      Spells: 26/26 levels left

rFire   + +          +
                       - Unarmed
rCold   + + +        n - +5 kite shield {AC+3}
rNeg    + + +        z - melded +1 steam dragon scales
rPois   ∞            t - +2 hood of the Assassin {Detect Stab+ Stlth++}
rElec   +            S - scarf of Ignis's Supremacy {+Inv, -Cast rF+ rC++ SInv}
rCorr   .            (gloves unavailable)
SInv    +            (boots unavailable)
Will    +++..        i - amulet of Ascent {Reflect rF+ SH+5} Stlth
                     q - ring of Bacuppa Fiph {Fire rN+ Will+ Str-3}
HPRegen 2.43/turn    v - ring of Awkevadi {rC++ rN+ SInv}
MPRegen 0.15/turn

%: no spellcasting, random rage (3%), reflection
@: statue-form, glowing, very slow
A: slow and powerful, torment resistance 1, boosted hp, large, unfitting armour,
claws 3, clumsy 1, regeneration 2, screaming 1, (shaggy fur 1), (tough skin 1),
inability to read after injury 2, no stealth, hated by all, inability to train
armour, no fire magic, no necromancy magic, no transmutations magic, (iridescent
scales 2), berserk 1, clever 1, low MP 2, inability to drink after injury 1
0: Orb of Zot
}: 4/15 runes: serpentine, barnacled, slimy, silver
a: Begin Untransformation, Renounce Religion, Evoke Invisibility, Draw Out
Power, Power Leap, Apocalypse


You escaped.
You worshipped Ru.
Ru was exalted by your worship.
You were a living statue of rough stone.
You visited 13 branches of the dungeon, and saw 57 of its levels.
You also visited: Trove, Ossuary, Bailey and Wizlab.

You collected 9979 gold pieces.
You spent 4027 gold pieces at shops.

Inventory:

Missiles
 y - 2 throwing nets
 P - 96 large rocks (quivered)
 W - 11 javelins
Armour
 n - a +5 kite shield of protection (worn)
 s - a +2 kite shield of reflection
 t - the +2 hood of the Assassin (worn) {Detect Stab+ Stlth++}
   (You found it on level 1 of the Crypt)

   Detect:    It allows the wearer to sense nearby creatures.
   Stab+:     It allows the wearer to make particularly effective stabbing
   attacks against helpless or unaware enemies with any weapon.
   Stlth++:   It makes you much more stealthy.
 z - +1 steam dragon scales (melded)
 S - the scarf of Ignis's Supremacy (worn) {+Inv, -Cast rF+ rC++ SInv}
   (You found it on level 2 of the Snake Pit)

   rF+:       It protects you from fire.
   rC++:      It greatly protects you from cold.
   SInv:      It lets you see invisible.
   -Cast:     It prevents spellcasting.
Jewellery
 i - the amulet of Ascent (around neck) {Reflect rF+ SH+5}
   (You took it off a deep elf death mage on level 3 of the Elven Halls)

   [amulet of reflection]

   Reflect:   It reflects blocked missile attacks.
   rF+:       It protects you from fire.
   SH+5:      It affects your SH (+5).
 j - the amulet of Vukhag {Spirit rF+ Will++ Regen+ Int-2}
   (You found it on level 5 of the Pits of Slime)

   [amulet of guardian spirit]

   Spirit:    It causes incoming damage to be divided between your reserves of
   health and magic.
   Int-2:     It affects your intelligence (-2).
   rF+:       It protects you from fire.
   Will++:    It greatly increases your willpower.
   Regen+:    It increases your rate of health regeneration.
 q - the ring of Bacuppa Fiph (left claw) {Fire rN+ Will+ Str-3}
   (You took it off a salamander in a wizard's laboratory)

   [ring of fire]

   Fire:      It enhances your fire magic.
   Str-3:     It affects your strength (-3).
   rF+:       It protects you from fire.
   rC-:       It makes you vulnerable to cold.
   rN+:       It protects you from negative energy.
   Will+:     It increases your willpower.
 v - the ring of Awkevadi (right claw) {rC++ rN+ SInv}
   (You found it on level 5 of the Pits of Slime)

   [ring of positive energy]

   rC++:      It greatly protects you from cold.
   rN+:       It protects you from negative energy.
   SInv:      It lets you see invisible.
 E - the ring "Xikhlipsi" {Ice rN++}
   (You took it off an ironbound convoker on level 4 of the Vaults)

   [ring of ice]

   Ice:       It enhances your ice magic.
   rF-:       It makes you vulnerable to fire.
   rC+:       It protects you from cold.
   rN++:      It greatly protects you from negative energy.
 G - a ring of resist corrosion
 V - the ring "Kacixkie" {Contam rF- Will+++ Str+6}
   (You found it on level 3 of the Depths)

   [ring of strength]

   Str+6:     It affects your strength (+6).
   rF-:       It makes you vulnerable to fire.
   Will+++:   It greatly increases your willpower.
   Contam:    It causes magical contamination when unequipped.
 X - a ring of flight
 Y - the ring "Pis Koxe" {+Blink EV+5 Dex+6}
   (You found it on level 3 of the Crypt)

   [ring of evasion]

   EV+5:      It affects your evasion (+5).
   Dex+6:     It affects your dexterity (+6).
   +Blink:    It lets you blink.
Talismans
 H - a granite talisman (active)
Wands
 a - a wand of roots (62)
 N - a wand of mindburst (36)
 O - a wand of digging (18)
 R - a wand of paralysis (79)
 T - a wand of quicksilver (49)
 U - a wand of flame (144)
Scrolls
 d - 4 scrolls of enchant armour
 g - 18 scrolls of teleportation
 h - 9 scrolls of blinking
 k - 9 scrolls of immolation
 m - 4 scrolls of poison
 x - 10 scrolls of fog
 D - 9 scrolls of fear
 K - 6 scrolls of revelation
 L - a scroll of acquirement
 M - 4 scrolls of silence
Potions
 b - 4 potions of lignification
 c - 6 potions of magic
 e - 39 potions of curing
 p - 9 potions of cancellation
 r - 7 potions of enlightenment
 u - 11 potions of haste
 w - 4 potions of invisibility
 A - 3 potions of berserk rage
 B - 14 potions of attraction
 C - 17 potions of might
 F - 8 potions of ambrosia
 I - 12 potions of brilliance
 Q - 6 potions of heal wounds
 Z - 8 potions of resistance
Miscellaneous
 f - a lightning rod (4/4)
 o - a condenser vane
 J - a phantom mirror


   Skills:
 + Level 20.4 Fighting
 + Level 19.4 Throwing
 + Level 20.3 Dodging
 - Level 17.0 Shields
 - Level 19.0 Unarmed Combat
 - Level 23.0 Shapeshifting


You had 26 spell levels left.
You didn't know any spells.
Your spell library contained the following spells:

 Spells                   Type           Power      Damage    Failure   Level
 Magic Dart               Conj           0%         1d3       45%         1
 Blink                    Tloc           0%         N/A       58%         2
 Ensorcelled Hibernation  Hex/Ice        0%         N/A       58%         2
 Jinxbite                 Hex            0%         N/A       58%         2
 Lesser Beckoning         Tloc           0%         N/A       58%         2
 Momentum Strike          Conj/Tloc      0%         3d8       58%         2
 Poisonous Vapours        Pois/Air       0%         N/A       58%         2
 Frozen Ramparts          Ice            0%         1d1       83%         3
 Gell's Gravitas          Tloc           0%         N/A       83%         3
 Hailstorm                Conj/Ice       0%         3d3       83%         3
 Mephitic Cloud           Conj/Pois/Air  0%         N/A       83%         3
 Ozocubu's Armour         Ice            0%         N/A       83%         3
 Teleport Other           Tloc           0%         N/A       83%         3
 Cause Fear               Hex            0%         N/A       99%         4
 Dimensional Bullseye     Hex/Tloc       0%         N/A       99%         4
 Iskenderun's Mystic Bla  Conj/Tloc      0%         2d3       99%         4
 Leda's Liquefaction      Hex/Erth       0%         N/A       99%         4
 Manifold Assault         Tloc           0%         N/A       99%         4
 Olgreb's Toxic Radiance  Pois           0%         N/A       99%         4
 Passage of Golubria      Tloc           0%         N/A       99%         4
 Vhi's Electric Charge    Tloc/Air       0%         N/A       99%         4
 Arcjolt                  Conj/Air       0%         1d10      100%        5
 Lee's Rapid Deconstruct  Erth           0%         3d4*      100%        5
 Metabolic Englaciation   Hex/Ice        0%         N/A       100%        5
 Bombard                  Conj/Erth      0%         9d1       100%        6
 Conjure Ball Lightning   Conj/Air       0%         3x3d6     100%        6
 Dispersal                Tloc           0%         N/A       100%        6
 Enfeeble                 Hex            0%         N/A       100%        7
 Orb of Destruction       Conj           0%         9d5       100%        7
 Ozocubu's Refrigeration  Ice            0%         4d7       100%        7
 Discord                  Hex            0%         N/A       100%        8
 Disjunction              Tloc           0%         N/A       100%        8
 Chain Lightning          Conj/Air       0%         N/A       100%        9
 Polar Vortex             Ice            0%         N/A       100%        9
 Shatter                  Erth           0%         3d5*      100%        9
 Foxfire                  Conj/Fire      Unusable   2x1d4     N/A         1
 Sting                    Tmut/Pois      Unusable   1d3       N/A         1
 Call Imp                 Summ           Unusable   N/A       N/A         2
 Scorch                   Fire           Unusable   2d5       N/A         2
 Wereblood                Tmut           Unusable   N/A       N/A         2
 Call Canine Familiar     Summ           Unusable   N/A       N/A         3
 Inner Flame              Hex/Fire       Unusable   N/A       N/A         3
 Summon Guardian Golem    Hex/Summ       Unusable   N/A       N/A         3
 Tukima's Dance           Hex            Unusable   N/A       N/A         3
 Anguish                  Hex/Necr       Unusable   N/A       N/A         4
 Animate Armour           Summ/Erth      Unusable   N/A       N/A         4
 Flame Wave               Conj/Fire      Unusable   2d4       N/A         4
 Petrify                  Tmut/Erth      Unusable   N/A       N/A         4
 Sticky Flame             Conj/Fire      Unusable   2d3       N/A         4
 Summon Ice Beast         Ice/Summ       Unusable   N/A       N/A         4
 Summon Lightning Spire   Summ/Air       Unusable   N/A       N/A         4
 Alistair's Intoxication  Tmut/Pois      Unusable   N/A       N/A         5
 Fireball                 Conj/Fire      Unusable   3d3       N/A         5
 Summon Forest            Summ/Tloc      Unusable   N/A       N/A         5
 Summon Mana Viper        Hex/Summ       Unusable   N/A       N/A         5
 Yara's Violent Unravell  Hex/Tmut       Unusable   3d3       N/A         5
 Eringya's Noxious Bog    Tmut/Pois      Unusable   4d6       N/A         6
 Plasma Beam              Fire/Air       Unusable   2x1d10    N/A         6
 Simulacrum               Ice/Necr       Unusable   N/A       N/A         6
 Starburst                Conj/Fire      Unusable   6d3       N/A         6
 Summon Cactus Giant      Summ           Unusable   N/A       N/A         6
 Monstrous Menagerie      Summ           Unusable   N/A       N/A         7
 Spellforged Servitor     Conj/Summ      Unusable   N/A       N/A         7
 Summon Hydra             Summ           Unusable   N/A       N/A         7
 Ignition                 Fire           Unusable   3d3       N/A         8
 Dragon's Call            Summ           Unusable   N/A       N/A         9
 Fire Storm               Conj/Fire      Unusable   5d1       N/A         9

Dungeon Overview and Level Annotations

Branches:
Dungeon (15/15)            Temple (1/1) D:5            Lair (5/5) D:11
 Shoals (4/4) Lair:2        Snake (4/4) Lair:2        Slime (5/5) Lair:4
    Orc (2/2) D:10            Elf (3/3) Orc:2        Vaults (5/5) D:14
  Crypt (3/3) Vaults:2       Tomb (0/3) Crypt:3      Depths (4/4) D:15
   Hell (visited)             Dis (0/7) Hell            Geh (0/7) Hell
    Coc (0/7) Hell            Tar (0/7) Hell            Zot (5/5) Depths:4
Ossuary (visited)          Bailey (visited)          WizLab (visited)

Altars:
Ashenzari
Cheibriados
Dithmenos
Elyvilon
Gozag
Kikubaaqudgha
Makhleb
Nemelex Xobeh
Okawaru
Qazlal
Ru
Sif Muna
Trog
Uskayaw
Vehumet
Wu Jian
Xom
Zin
The Shining One

Shops:
D:3 (   D:15 (   Orc:2 *(?!   Elf:1 [   Shoals:3 *[   Snake:3 :*   Vaults:1 !
Vaults:5 (   Zot:4 *   Depths:1 !

Portals:
Hell: Depths:1 Depths:2 Depths:3 Depths:4
Abyss: Vaults:1 Depths:3
Pandemonium: Depths:1 Depths:2
Ziggurat: Depths:2

Annotations:
Zot:2 2 transporters, Coluruets's ghost, legendary HuBe


Innate Abilities, Weirdness & Mutations

You are a living statue of rough stone.
Your actions are slow, but your melee attacks are powerful.
You are resistant to unholy torment.
Your maximum health is greatly increased.
Your equipment is partially melded.
You are too large for most types of armour.
You are immune to poison.
You have claws for hands.
You are clumsy. (Dex -2)
You heal very quickly.
You occasionally shout uncontrollably at your foes.
((You are covered in fur. (AC +1)))
((You have tough skin. (AC +1)))
You sometimes lose the ability to read scrolls when taking damage.
You cannot be stealthy.
You are hated by all.
You cannot train Armour skill.
You cannot study or cast Fire magic.
You cannot study or cast Necromancy magic.
You cannot study or cast Transmutations magic.
((You are mostly covered in iridescent scales. (AC +4)))
You sometimes lose your temper in combat.
Your mind is acute. (Int +4, Str/Dex -1)
Your magical capacity is very low. (-20% MP)
You occasionally lose the ability to drink potions when taking damage.


Message History

You block the angel's attack. The angel hits you but does no damage.
The angel closely misses you. The angel completely misses you.
Unknown command.
You closely miss the angel.
The angel is lightly wounded.
The angel hits you but does no damage. The angel barely misses you.
Unknown command.
You miss the angel.
The angel is lightly wounded.
You block the angel's attack. x2; The angel barely misses you.
The angel hits you with a +1 whip of holy wrath.
Unknown command.
You eviscerate the angel!!!
The angel is heavily wounded.
You block the angel's attack. x2
Unknown command.
You closely miss the angel.
The angel is heavily wounded.
The angel is stunned by your conviction and fails to attack.
Unknown command.
You eviscerate the angel!!!
You kill the angel!
Unknown command.
No target in view!
Unknown command.
No target in view!
Unknown command.
There is a staircase leading out of the dungeon here.
A seraph comes into view.
It is wielding a +8 great sword of flaming.
The seraph gestures.
The cherub dissolves into sparkling lights!
The daeva calls down the wrath of the Shining One upon you.
The Shining One smites you!
The seraph shouts a warning to its allies!
You redirect the angel's attack!
The angel hits itself with a +2 whip of holy wrath!!
The angel completely misses itself.
The angel is stunned by your conviction and fails to attack.
You block the angel's attack. x3; The angel hits you but does no damage. x3
You have escaped!

#.# ######...##.# #.# #.#
#.#..##.# #.# #.#
##.##....# #.# #.#
#.######## #.# ####.#
##A###### #.# .....#
##)...⌠# #.# ..####
#AA>..# #.# ...# #.AA..#
#.# # ...### ###..8..#
#.# #
##.#.#######.#⌠...⌠####.#
#
#..#........#######....#
#.#.######### #{{#####
#.#.# #{.#############
#.#.# #.(..#..........
#.#.# ##.#.#.#########
#.#.# #.#.#.# #.#.##
#########.#.#.#


You could see a seraph (catching breath), a daeva (summoned) and 3 angels.

Vanquished Creatures
  the Royal Jelly (Slime:5)
  A seraph (Zot:4)
  5 dread liches
  8 orbs of fire (Zot:5)
  7 ancient liches
  Mennas (Depths:4)
  Boris (twice) (Vaults:4 Zot:4)
  The ghost of Visuc the Gargoyle Barricade, a master GrBe of Trog (Zot:1)
  Sojobo (Depths:1)
  The ghost of Hulu the Metallomancer, a veteran GrEE of Ashenzari (Depths:3)
  3 Killer Klowns
  3 curse toes
  Geryon (Hell)
  13 golden dragons
  Nikola (Snake:3)
  The ghost of Lianjan the Timeless, an adept GnWr of Cheibriados (Vaults:1)
  4 electric golems
  A Brimstone Fiend (Zot:4)
  Norris (Depths:2)
  A bone dragon (Crypt:3)
  A Tzitzimitl (D:1)
  Mlioglotl (Shoals:3)
  2 Hell Sentinels
  27 Orb Guardians
  17 tentacled monstrosities
  The ghost of Yphese Lihe the Warrior, an adept MiFi of the Shining One (Elf:2)
  6 liches
  4 titans (Vaults:4)
  A tainted leviathan (Depths:1)
  Asterion (Snake:1)
  A walking frostbound tome (Depths:2)
  2 deep elf blademasters
  A deep elf master archer (Elf:3)
  4 quicksilver dragons
  Polyphemus (Shoals:3)
  Frances (Snake:2)
  22 acid blobs
  4 sphinxes
  5 ancient champions
  4 draconian monks
  9 death cobs
  Kirke (Snake:1)
  10 shadow dragons
  A revenant (Crypt:2)
  6 tengu reavers
  Roxanne (D:14)
  11 azure jellies
  Donald (Shoals:3)
  A daeva (D:1)
  3 nagarajas
  17 storm dragons
  7 fire giants
  6 draconian scorchers
  13 rockslimes
  The ghost of Lubbarad the Hoplite, a journeyman FoFi of Gozag (D:13)
  7 deep elf sorcerers
  7 draconian shifters
  2 angels
  21 vault wardens
  9 frost giants
  3 iron dragons
  A balrug (Depths:2)
  A deep elf elementalist (Elf:3)
  4 ghost moths
  A curse skull (Crypt:2)
  4 ghouls
  An orc warlord (Vaults:3)
  A cacodemon (Depths:4)
  12 ironbound preservers
  3 draconian annihilators
  2 caustic shrike skeletons
  10 quicksilver oozes
  A draconian stormcaller (Zot:5)
  2 juggernaut skeletons
  16 formless jellyfish
  12 stone giants
  15 vampire knights
  A spriggan defender (Depths:3)
  6 reapers
  13 very ugly things
  Nessos (D:14)
  A broodmother (shapeshifter) (Vaults:4)
  6 war gargoyles
  10 black draconians
  8 deep elf demonologists
  7 green draconians
  8 ironbound thunderhulks
  7 yellow draconians
  6 spark wasps
  3 lorocyprocas
  5 deep elf annihilators
  3 red draconians
  9 dire elephants
  2 iron golems (Depths:1)
  8 white draconians
  10 purple draconians
  8 deep elf death magi
  4 putrid mouths (Hell)
  5 crystal guardians
  Snorg (D:10)
  4 eidola
  2 blizzard demons
  3 ettins
  9 jiangshi
  5 merfolk javelineers
  A quicksilver dragon zombie (Depths:3)
  5 merfolk impalers
  8 deep elf high priests
  10 great orbs of eyes
  4 entropy weavers
  14 yaktaur captains
  A fenstrider witch zombie (Hell)
  4 rakshasas
  Josephine (D:14)
  4 fire dragons
  3 hydras
  A jorogumo (shapeshifter) (Depths:2)
  A quicksilver dragon skeleton (Crypt:3)
  33 vault guards
  4 spriggan air magi
  Harold (D:9)
  9 peacekeepers
  Erolcha (Orc:1)
  Fannar (D:10)
  A hell beast (Depths:1)
  6 ice dragons
  6 salamander tyrants
  12 centaur warriors
  5 merfolk avatars
  2 ogre magi (Vaults:5)
  18 anacondas
  2 death knights
  A spriggan skeleton (Crypt:3)
  2 catoblepae
  3 merfolk aquamancers
  5 ironbound frosthearts
  5 satyrs
  16 hell hogs
  10 naga warriors
  6 boulder beetles
  3 two-headed ogres
  18 death yaks
  6 deep troll shamans
  An alligator snapping turtle (Shoals:4)
  17 tengu warriors
  The ghost of Talonman3 the Fighter, a novice OgBe of Trog (D:7)
  7 spriggan berserkers
  2 titan zombies
  28 dancing weapons
  23 hell knights
  14 naga sharpshooters
  A thrashing horror (Vaults:1)
  9 orc high priests (Orc:2)
  12 sun demons
  6 deep troll earth magi
  A wretched star (Vaults:1)
  13 shock serpents
  A storm dragon zombie (Crypt:3)
  14 deep elf knights
  7 soul eaters
  2 fire crabs (Shoals:1)
  3 spriggans
  6 skysharks
  6 salamander mystics
  Amaemon (Lair:2)
  2 titan skeletons
  Lodul (D:14)
  14 iron trolls
  2 quicksilver dragon simulacra (Depths:2)
  3 shadow wraiths
  4 sixfirhies (Depths:1)
  A storm dragon skeleton (Hell)
  9 flayed ghosts
  2 bog bodies
  14 skeletal warriors
  50 deep trolls
  9 sea snakes
  7 glowing orange brains
  2 golden dragon zombies (Crypt:1)
  10 wizards
  8 naga ritualists
  A deep troll (shapeshifter) (Depths:3)
  2 tengu zombies
  10 phantasmal warriors
  14 deep elf archers
  2 obsidian statues (Depths:1)
  An anaconda skeleton (Crypt:1)
  A shadow dragon zombie (Crypt:2)
  18 ironbound convokers
  13 necromancers
  2 orc knights
  An iron giant skeleton (Hell)
  21 deep elf zephyrmancers
  15 lindwurms
  3 starcursed masses (Vaults:1)
  A steelbarb worm (shapeshifter) (Vaults:4)
  25 deep elf pyromancers
  29 harpies
  A harpy (shapeshifter) (Elf:2)
  A stone giant zombie (Vaults:4)
  18 fauns
  10 mana vipers
  3 shining eyes
  An orc sorcerer (Orc:1)
  24 moths of wrath
  A shining eye (shapeshifter) (Vaults:5)
  44 ugly things
  12 manticores
  6 merfolk sirens
  27 salamanders
  A toenail golem (Zot:4)
  An ice statue (Depths:2)
  2 iron dragon skeletons
  7 cyclopes
  21 elephants
  4 centaur zombies
  10 guardian serpents
  A titan simulacrum (Crypt:2)
  2 water nymphs (Shoals:3)
  19 vault sentinels
  9 cane toads
  12 gargoyles
  6 rust devils
  16 naga magi
  40 black mambas
  3 orange demons
  9 molten gargoyles
  8 smoke demons
  2 yaktaur zombies (Vaults:4)
  A naga skeleton (Crypt:1)
  A torpor snail (Lair:1)
  3 unseen horrors
  Psyche (D:10)
  A centaur skeleton (Crypt:1)
  5 rime drakes
  A green draconian zombie (Crypt:1)
  3 hellions
  6 tengu conjurers
  Maggie (D:6)
  8 komodo dragons
  38 yaktaurs
  3 efreet
  2 tormentors
  The ghost of Opifex the Skirmisher, a novice KoHu (D:5)
  9 freezing wraiths
  8 ice devils
  26 merfolk
  A hydra zombie (Crypt:1)
  12 trolls
  A red devil (D:11)
  2 harpy zombies
  A shadow dragon simulacrum (Vaults:4)
  4 polar bears
  3 hellwings (Depths:1)
  3 wind drakes
  A catoblepas skeleton (Crypt:3)
  A tarantella (shapeshifter) (Elf:3)
  5 hornets
  An ettin zombie (Vaults:1)
  16 blink frogs
  A hydra skeleton (Crypt:2)
  A radroach zombie (Crypt:2)
  6 snapping turtles
  3 dream sheep (Shoals:3)
  3 harpy skeletons
  2 jumping spiders
  A large abomination (Zot:3)
  A black mamba zombie (Hell)
  2 air elementals (Elf:2)
  Sigmund (D:4)
  2 vampires (D:10)
  4 ynoxinuls
  An ettin skeleton (Vaults:1)
  2 jumping spiders (shapeshifter)
  A culicivora (Vaults:4)
  7 wyverns
  12 flying skulls
  A spriggan (shapeshifter) (D:12)
  10 wraiths
  125 slime creatures
  13 water elementals
  A shadow (D:10)
  4 basilisks
  A chaos spawn (Depths:1)
  A fire bat (Shoals:1)
  7 fire elementals
  9 golden eyes
  16 humans (D:14)
  A yak (shapeshifter) (Vaults:5)
  55 yaks
  3 hogs (Snake:1)
  5 vampire mosquitoes (D:12)
  An elf skeleton (Vaults:4)
  A redback (shapeshifter) (D:12)
  A neqoxec (D:9)
  An elf simulacrum (Vaults:4)
  3 redbacks
  30 nagas
  4 wargs (Orc:2)
  An entropy weaver zombie (Crypt:3)
  A naga zombie (Crypt:2)
  A two-headed ogre zombie (Crypt:1)
  Edmund (D:4)
  2 acid dragons
  Duvessa (D:5)
  18 water moccasins
  A two-headed ogre skeleton (Crypt:1)
  4 hell hounds
  3 black bears
  3 ice beasts
  A swamp drake (shapeshifter) (D:12)
  27 orc warriors
  A hornet zombie (Crypt:2)
  An ettin simulacrum (Depths:2)
  3 ogres
  15 wolves
  A boggart (D:12)
  26 centaurs
  A rime drake skeleton (Crypt:3)
  3 kobold brigands
  11 bullfrogs
  A gnoll sergeant (D:11)
  6 earth elementals
  2 glowing shapeshifter simulacra
  6 necrophages
  8 water moccasin zombies
  4 scorpions
  A cyclops zombie (Crypt:1)
  15 wights
  Dowan (D:5)
  A yak skeleton (Crypt:3)
  6 killer bees (D:11)
  3 howler monkeys
  2 electric eels (Lair:3)
  A crimson imp (D:14)
  4 hounds
  5 human zombies
  36 orc priests
  Jessica (D:3)
  4 iguanas
  Natasha (D:4)
  19 orc wizards
  A scorpion zombie (D:4)
  A human skeleton (Crypt:2)
  2 lightning spires (WizLab)
  A deep dwarf skeleton (Crypt:1)
  A hound zombie (D:4)
  A hound skeleton (Crypt:2)
  3 mummies
  7 gnolls
  A swamp drake zombie (Crypt:2)
  12 adders
  A steam dragon zombie (Crypt:1)
  A shadow imp (D:7)
  A steam dragon skeleton (Crypt:2)
  4 white imps
  An ufetubus (D:14)
  6 adder zombies
  An iguana skeleton (Crypt:1)
  A worm (D:2)
  6 dart slugs
  127 orcs
  6 endoplasms
  3 giant cockroaches
  3 gnoll zombies (Ossuary)
  9 goblins
  11 hobgoblins
  4 jackals (D:5)
  8 quokkas
  5 ball pythons
  3 bats (D:1)
  An endoplasm zombie (Crypt:3)
  3 frilled lizards
  A goblin zombie (Crypt:3)
  7 hobgoblin zombies (Ossuary)
  A jackal skeleton (Crypt:2)
  17 kobolds
  3 kobold zombies (Ossuary)
  6 orc zombies (Ossuary)
  10 rats
  A butterfly (Lair:2)
2613 creatures vanquished.

Vanquished Creatures (collateral kills)
  2 orcs (Orc:1)
2 creatures vanquished.

Vanquished Creatures (others)
  A golden dragon (Vaults:5)
  A Tzitzimitl (Zot:5)
  2 Orb Guardians (Zot:5)
  A deep elf blademaster (Elf:3)
  A tentacled monstrosity (Zot:4)
  Murray (Depths:1)
  A deep elf master archer (Elf:3)
  A quicksilver dragon (Zot:1)
  An acid blob (Slime:5)
  A death cob (Zot:1)
  2 azure jellies
  2 storm dragons
  A deep elf elementalist (Elf:3)
  A war gargoyle (Depths:2)
  A draconian annihilator (Zot:5)
  A stone giant (Depths:2)
  An ettin (Vaults:5)
  A yaktaur captain (Vaults:5)
  A fire dragon (Depths:4)
  An ice dragon (Depths:4)
  A catoblepas (Lair:3)
  2 dancing weapons (Elf:2)
  A soul eater (Hell)
  A sun demon (Hell)
  A crystal echidna (Depths:1)
  A glowing orange brain (Vaults:1)
  An ironbound convoker (Vaults:2)
  A lindwurm (Vaults:3)
  A mana viper (Snake:4)
  A necromancer (Hell)
  2 deep elf pyromancers
  3 deep elf zephyrmancers
  A faun (Shoals:4)
  A manticore (Shoals:4)
  A merfolk siren (Shoals:4)
  A black mamba (Lair:2)
  A naga mage (Snake:4)
  A cane toad (Lair:5)
  2 merfolk
  5 dream sheep (D:7)
  An air elemental (Elf:2)
  2 slime creatures
  A hell hound (Depths:1)
  2 centaurs (Shoals:4)
58 creatures vanquished.

Grand Total: 2673 creatures vanquished

Notes
Turn   | Place    | Note
-------+----------+-------------------------------------------
     0 | D:1      | CrazyBamboolord the Troll Shapeshifter began the quest for
                  | the Orb.
     0 | D:1      | Reached XP level 1. HP: 18/18 MP: 0/0
    81 | D:1      | Reached skill level 1 in Fighting
    83 | D:1      | Reached XP level 2. HP: 27/27 MP: 1/1
   343 | D:1      | Reached XP level 3. HP: 33/33 MP: 2/2
   621 | D:1      | Found a faded altar of an unknown god.
   839 | D:2      | Identified the amulet of Duwiel {Reflect -Tele Contam Str+4
                  | Dex+2 SH+5}
   948 | D:2      | Reached XP level 4. HP: 41/41 MP: 3/3
  1296 | D:2      | Identified the +1 leather armour of Fashionability {Will-
                  | Int+6}
  1584 | D:3      | Found a bloodstained altar of Trog.
  1611 | D:3      | Found a white marble altar of Elyvilon.
  1706 | D:3      | Reached XP level 5. HP: 49/49 MP: 4/4
  1761 | D:3      | Found a large runed translucent door.
  1876 | D:3      | Found a large runed translucent door.
  2007 | D:3      | Found an iron altar of Okawaru.
  2015 | D:3      | Found a basalt altar of Yredelemnul.
  2173 | D:3      | Noticed Jessica
  2180 | D:3      | Killed Jessica
  2195 | D:3      | Found Ulion's Weapon Boutique.
  2428 | D:3      | Found a broken altar of Ashenzari.
  2491 | D:4      | Noticed Edmund
  2503 | D:3      | Reached skill level 4 in Shapeshifting
  2509 | D:3      | Identified a scroll of acquirement
  2510 | D:3      | Acquired a +6 ring of dexterity
  2526 | D:4      | Noticed an orc warrior
  2554 | D:4      | Noticed Natasha
  2559 | D:4      | Killed Natasha
  2560 | D:4      | Reached XP level 6. HP: 59/59 MP: 5/5
  2567 | D:4      | Found a hide-covered altar of Uskayaw.
  2604 | D:4      | Found a shadowy altar of Dithmenos.
  2756 | D:4      | Found a glowing golden altar of the Shining One.
  2806 | D:4      | Noticed Sigmund
  2817 | D:4      | Killed Sigmund
  2897 | D:4      | Killed an orc warrior
  2898 | D:4      | Reached XP level 7. HP: 34/67 MP: 6/6
  2965 | D:4      | Killed Edmund
  2966 | D:4      | Reached skill level 5 in Unarmed Combat
  3234 | D:4      | Reached skill level 5 in Shapeshifting
  3254 | D:4      | Found an ancient bone altar of Kikubaaqudgha.
  3271 | D:4      | Reached XP level 8. HP: 70/78 MP: 7/7
  3867 | D:5      | Entered Level 5 of the Dungeon
  3884 | D:5      | Noticed Opifex's ghost (novice KoHu)
  3939 | D:5      | Found a runed translucent gate.
  3939 | D:5      | Found a runed translucent gate.
  3939 | D:5      | Found a runed translucent gate.
  4257 | D:5      | Found a staircase to the Ecumenical Temple.
  4266 | Temple   | Entered the Ecumenical Temple
  4275 | Temple   | Became a worshipper of Ru the Awakened
  4512 | D:5      | Noticed Duvessa
  4513 | D:5      | Noticed Dowan
  4516 | D:5      | Killed Duvessa
  4520 | D:5      | Killed Dowan
  4791 | D:5      | Found a burning altar of Makhleb.
  4846 | D:5      | Reached skill level 6 in Shapeshifting
  4993 | D:6      | Reached skill level 5 in Dodging
  5003 | D:6      | Noticed a troll
  5011 | D:6      | Killed a troll
  5012 | D:6      | Reached XP level 9. HP: 40/87 MP: 8/8
  5174 | D:6      | Reached skill level 1 in Throwing
  5183 | D:6      | Noticed Maggie
  5199 | D:6      | Reached skill level 5 in Fighting
  5248 | D:6      | Killed Maggie
  6115 | D:7      | Found a transporter.
  6121 | D:7      | Gained mutation: You cannot train Armour skill. [Ru
                  | sacrifice]
  6121 | D:7      | Reached * piety under Ru
  6122 | D:7      | Noticed Talonman3's ghost (novice OgBe)
  6125 | D:7      | Noticed a moth of wrath
  6263 | D:7      | Found a sand-covered staircase.
  6267 | Ossuary  | Entered an ossuary
  6357 | Ossuary  | Reached skill level 7 in Shapeshifting
  6599 | D:7      | Paralysed by a hornet for 1 turns
  6601 | D:7      | Reached XP level 10. HP: 71/98 MP: 9/9
  6666 | D:7      | Found a shimmering altar of Xom.
  6750 | D:7      | Found a transporter.
  7540 | D:8      | Gained mutation: You are clumsy. (Dex -2) [Ru sacrifice]
  8003 | D:9      | Noticed Harold
  8022 | D:9      | Killed Harold
  9104 | D:10     | Entered Level 10 of the Dungeon
  9138 | D:10     | Reached skill level 8 in Shapeshifting
  9197 | D:10     | Found a flagged portal.
  9214 | Bailey   | Entered a bailey
  9432 | Bailey   | Reached XP level 11. HP: 50/107 MP: 10/10
  9538 | Bailey   | Identified the +10 plate armour "Lierryd" {Int+3 SInv}
  9559 | Bailey   | Identified the +1 helmet "Ankuosmauss" {Harm Regen+ Dex+2}
  9823 | D:10     | Found a stormy altar of Qazlal.
  9843 | D:10     | Gained mutation: You cannot be stealthy. [Ru sacrifice]
  9843 | D:10     | Reached ** piety under Ru
  9877 | D:10     | Noticed Snorg
  9887 | D:10     | Killed Snorg
  9935 | D:10     | Found a staircase to the Orcish Mines.
  9956 | D:10     | Noticed Fannar
  9980 | D:10     | Killed Fannar
 10028 | D:10     | Noticed Psyche
 10032 | D:10     | Killed Psyche
 10144 | D:10     | Found an ornate altar of the Wu Jian Council.
 10354 | D:10     | Found a hazy altar of Hepliaklqana.
 10951 | D:11     | Noticed a two-headed ogre
 10957 | D:11     | Killed a two-headed ogre
 10958 | D:11     | Reached skill level 9 in Shapeshifting
 10965 | D:11     | Noticed a boulder beetle
 10975 | D:11     | Killed a boulder beetle
 11081 | D:11     | Paralysed by a hornet for 2 turns
 11147 | D:11     | Found a staircase to the Lair.
 11423 | Lair:1   | Entered Level 1 of the Lair of Beasts
 11440 | Lair:1   | Noticed a death yak
 11441 | Lair:1   | Noticed a death yak
 11441 | Lair:1   | Noticed a death yak
 11442 | Lair:1   | Noticed a death yak
 11466 | Lair:1   | Killed a death yak
 11476 | Lair:1   | Killed a death yak
 11477 | Lair:1   | Reached skill level 10 in Unarmed Combat
 11481 | Lair:1   | Killed a death yak
 11482 | Lair:1   | Reached XP level 12. HP: 119/119 MP: 11/11
 11492 | Lair:1   | Killed a death yak
 11493 | Lair:1   | Reached skill level 5 in Throwing
 12171 | Lair:1   | Reached skill level 10 in Shapeshifting
 12592 | Lair:2   | Found a staircase to the Snake Pit.
 12713 | Lair:2   | Found a staircase to the Shoals.
 12853 | Lair:2   | Noticed Amaemon
 12864 | Lair:2   | Killed Amaemon
 12868 | Lair:2   | Reached XP level 13. HP: 131/131 MP: 12/12
 13904 | Lair:3   | Identified the +1 scale mail of Spite {Int+3}
 13905 | Lair:3   | Identified the +7 plate armour "Sorchawea" {Rampage Fly
                  | Int+3 Dex-3}
 14758 | Lair:4   | Reached skill level 11 in Shapeshifting
 14827 | Lair:4   | Found a staircase to the Slime Pits.
 14954 | Lair:4   | Reached skill level 10 in Dodging
 15473 | Lair:5   | Entered Level 5 of the Lair of Beasts
 15554 | Lair:4   | Reached skill level 10 in Fighting
 15827 | Lair:5   | Reached XP level 14. HP: 143/143 MP: 13/13
 16716 | Lair:5   | Got a leatherbound book
 16729 | Lair:5   | Identified the +6 battleaxe of Responsibility {flame, rElec
                  | rC+ Str+3 Dex-4}
 17358 | D:12     | Reached skill level 12 in Shapeshifting
 17371 | D:12     | Identified the +8 triple sword of Subjectivity {freeze, rF+
                  | Dex+2}
 17657 | D:12     | Found the +10 Black Knight's barding {ponderous, rPois rN+}
 17710 | D:12     | Identified the +1 chain mail "Ybbeku" {rN+}
 18184 | Orc:1    | Entered Level 1 of the Orcish Mines
 18185 | Orc:1    | Paralysed by an orc sorcerer for 4 turns
 18300 | Orc:1    | Gained mutation: You occasionally lose the ability to read
                  | scrolls when taking damage. [Ru sacrifice]
 18300 | Orc:1    | Gained mutation: You sometimes lose the ability to read
                  | scrolls when taking damage. [Ru sacrifice]
 18300 | Orc:1    | Reached *** piety under Ru
 18319 | Orc:2    | Entered Level 2 of the Orcish Mines
 18589 | Orc:1    | Noticed Erolcha
 18720 | Orc:2    | Found a staircase to the Elven Halls.
 18809 | Orc:2    | Reached XP level 15. HP: 107/153 MP: 14/14
 19366 | Orc:2    | Gained mutation: You occasionally shout uncontrollably at
                  | your foes. [Ru sacrifice]
 19527 | Orc:2    | Found Gobri's Antique Weapon Shop.
 19527 | Orc:2    | Found Zinubbig's Assorted Antiques.
 19577 | Orc:2    | Found Bain's Distillery.
 19577 | Orc:2    | Found Kosuesie's Magic Scroll Emporium.
 19584 | Orc:2    | Bought a potion of haste for 120 gold pieces
 19584 | Orc:2    | Bought a potion of heal wounds for 60 gold pieces
 19584 | Orc:2    | Bought a potion of experience for 600 gold pieces
 19584 | Orc:2    | Bought a potion of mutation for 96 gold pieces
 19584 | Orc:2    | Bought a potion of curing for 36 gold pieces
 19593 | Orc:2    | Bought a scroll of teleportation for 42 gold pieces
 19593 | Orc:2    | Bought a scroll of teleportation for 42 gold pieces
 19593 | Orc:2    | Bought a scroll of enchant armour for 105 gold pieces
 19593 | Orc:2    | Bought a scroll of fear for 56 gold pieces
 19593 | Orc:2    | Bought a scroll of teleportation for 42 gold pieces
 19593 | Orc:2    | Reached skill level 13 in Shapeshifting
 19593 | Orc:2    | Reached XP level 16. HP: 162/162 MP: 15/15
 19594 | Orc:2    | Reached skill level 14 in Shapeshifting
 19594 | Orc:2    | Reached XP level 17. HP: 170/170 MP: 16/16
 19635 | Orc:2    | Bought a scroll of fear for 128 gold pieces
 19635 | Orc:2    | Bought a scroll of revelation for 240 gold pieces
 19635 | Orc:2    | Bought a fuming dark potion for 28 gold pieces
 19820 | D:13     | Noticed Lubbarad's ghost (journeyman FoFi)
 19826 | D:13     | Found a runed translucent door.
 19970 | D:13     | Got a vellum book
 20510 | D:14     | Noticed Nessos
 20510 | D:14     | Noticed Lodul
 20510 | D:14     | Found a gate to the Vaults.
 20545 | D:14     | Noticed Josephine
 20551 | D:14     | Killed Josephine
 20620 | D:14     | Killed Nessos
 20632 | D:14     | Reached skill level 15 in Shapeshifting
 20775 | D:14     | Killed Lodul
 20857 | D:14     | Found a portal to a secret trove of treasure.
 21038 | D:14     | Noticed Roxanne
 21053 | D:14     | Killed Roxanne
 21722 | Snake:1  | Entered Level 1 of the Snake Pit
 21906 | Snake:1  | Reached skill level 16 in Shapeshifting
 21959 | Snake:1  | Noticed Kirke
 22076 | Snake:1  | Killed Kirke
 22087 | Snake:1  | HP: 10/210 [naga/+1 halberd of freezing (2)]
 22845 | Snake:1  | Noticed Asterion
 22852 | Snake:1  | Gained mutation: You are occasionally teleported next to
                  | monsters. [a cacodemon]
 22858 | Snake:1  | Killed Asterion
 23382 | Snake:2  | Reached skill level 1 in Shields
 23494 | Snake:2  | Gained mutation: You are hated by all. [Ru sacrifice]
 23494 | Snake:2  | Reached **** piety under Ru
 23494 | Snake:2  | Reached ***** piety under Ru
 23646 | Snake:2  | Identified the scarf of Ignis's Supremacy {+Inv, -Cast rF+
                  | rC++ SInv}
 23800 | Snake:2  | Noticed Frances
 23813 | Snake:2  | Killed Frances
 23953 | Snake:2  | Reached XP level 18. HP: 180/180 MP: 17/17
 24832 | Snake:3  | Noticed Nikola
 24839 | Snake:3  | Killed Nikola
 25152 | Snake:3  | Found Fawkilal's Assorted Antiques.
 25157 | Snake:3  | Found Loipri Gice's Book Emporium.
 25160 | Snake:3  | Bought a scroll of teleportation for 72 gold pieces
 25160 | Snake:3  | Bought 2 potions of curing for 144 gold pieces
 25713 | Snake:4  | Entered Level 4 of the Snake Pit
 25852 | Snake:4  | Reached skill level 5 in Shields
 25853 | Snake:4  | Reached skill level 10 in Throwing
 26088 | Snake:4  | Found an ornate altar of the Wu Jian Council.
 26173 | Snake:4  | Lost mutation: You are occasionally teleported next to
                  | monsters. [potion of mutation]
 26173 | Snake:4  | Gained mutation: Your magical capacity is low. (-10% MP)
                  | [potion of mutation]
 26173 | Snake:4  | Gained mutation: You sometimes lose your temper in combat.
                  | [potion of mutation]
 26173 | Snake:4  | Gained mutation: You heal very quickly. [potion of
                  | mutation]
 27052 | Snake:4  | Got a serpentine rune of Zot
 27358 | Vaults:1 | Entered Level 1 of the Vaults
 27534 | Vaults:1 | Found Polog's Distillery.
 27558 | Vaults:1 | Reached XP level 19. HP: 191/191 MP: 16/16
 27570 | Vaults:1 | Bought a potion of curing for 33 gold pieces
 27570 | Vaults:1 | Bought 2 potions of cancellation for 176 gold pieces
 27570 | Vaults:1 | Bought a potion of heal wounds for 55 gold pieces
 27570 | Vaults:1 | Bought a potion of ambrosia for 88 gold pieces
 27570 | Vaults:1 | Bought 2 potions of curing for 66 gold pieces
 27570 | Vaults:1 | Bought a potion of curing for 33 gold pieces
 27773 | Vaults:1 | Found a transporter.
 27794 | Vaults:1 | Found a one-way gate to the infinite horrors of the Abyss.
 27794 | Vaults:1 | Noticed Lianjan's ghost (adept GnWr)
 27797 | Vaults:1 | Found a transporter.
 28022 | Vaults:1 | Identified the +10 plate armour "Cios Uci" {rPois Int+2}
 28791 | Orc:1    | Killed Erolcha
 29205 | Vaults:2 | Found a staircase to the Crypt.
 29292 | Vaults:2 | Reached skill level 15 in Unarmed Combat
 29587 | Vaults:2 | Reached skill level 17 in Shapeshifting
 29760 | Vaults:2 | Paralysed by a sphinx for 2 turns
 30432 | Vaults:3 | Reached XP level 20. HP: 201/201 MP: 17/17
 30718 | Vaults:3 | Reached XP level 21. HP: 209/209 MP: 17/17
 30837 | Vaults:3 | Reached skill level 10 in Shields
 31942 | Vaults:4 | Noticed Boris
 31967 | Vaults:4 | Killed Boris
 33128 | Elf:1    | Entered Level 1 of the Elven Halls
 33795 | Elf:1    | Found Foxzerr's Armour Shop.
 33804 | Elf:1    | Bought a +2 kite shield of protection for 301 gold pieces
 33926 | Elf:1    | Identified the +1 robe "Mooke" {*Corrode rPois Int+2}
 34249 | Elf:2    | Paralysed by an air elemental for 1 turns
 34253 | Elf:2    | Paralysed by an air elemental for 1 turns
 34554 | Elf:2    | Found a runed translucent gate.
 34565 | Elf:2    | Found a runed translucent gate.
 34566 | Elf:2    | Found a runed translucent gate.
 34585 | Elf:2    | Found a runed translucent door.
 34585 | Elf:2    | Noticed Yphese Lihe's ghost (adept MiFi)
 34700 | Elf:2    | Killed Yphese Lihe's ghost
 34995 | D:5      | Killed Opifex's ghost
 35094 | D:7      | Killed Talonman3's ghost
 35234 | D:13     | Killed Lubbarad's ghost
 35440 | Elf:3    | Entered Level 3 of the Elven Halls
 35527 | Elf:3    | Found a magical portal.
 35533 | WizLab   | Entered Maxwell's Workshop
 35622 | WizLab   | Identified the ring of Bacuppa Fiph {Fire rN+ Will+ Str-3}
 35628 | WizLab   | Reached XP level 22. HP: 221/221 MP: 18/18
 35644 | WizLab   | Identified the ring of the Twelve Friends {Fire Dex+5}
 35755 | WizLab   | Identified the ring "Solyczy" {Fire rElec Will- rCorr}
 35785 | WizLab   | Reached skill level 18 in Shapeshifting
 36021 | WizLab   | Identified the +1 ring mail of Istroy {rF+ rCorr Int+2
                  | Slay-6}
 36107 | WizLab   | Found the +2 Maxwell's thermic engine {flame, freeze, rev}
 36319 | Elf:3    | Found a shimmering blue altar of Sif Muna.
 37083 | Elf:3    | Identified the amulet of Ascent {Reflect rF+ SH+5}
 37169 | Elf:3    | Identified the +1 mace "Widaekipu" {flame, Int+4}
 37210 | Elf:3    | Identified the +0 leather armour of Buodish {Dex+3}
 37364 | Elf:3    | Identified the scarf of the Ladybird {+Inv, Drain rC+
                  | Int+7}
 37405 | Elf:3    | Identified the +8 trident of Laeplyshapp {protect, Str+5}
 37450 | Elf:3    | Identified the +4 scale mail of the Earth {rF+}
 37526 | Elf:3    | Got a resplendent book
 37534 | Elf:3    | Identified the +1 pair of gloves of Jocsuch {Fly rC+ SInv}
 37540 | Elf:3    | Identified the staff "Haliro" {rPois rF+ rC- rCorr Str+3
                  | Fire}
 38327 | Shoals:1 | Entered Level 1 of the Shoals
 38658 | Shoals:1 | Reached skill level 15 in Throwing
 39382 | Shoals:2 | You are sucked into a shaft and drop 1 floor!
 39399 | Shoals:3 | Found Sahibyso's Superlative Supplies.
 39490 | Shoals:3 | Bought a manual of Shapeshifting for 960 gold pieces
 39707 | Shoals:3 | Noticed Mlioglotl
 39715 | Shoals:3 | Killed Mlioglotl
 39742 | Shoals:3 | Noticed Donald
 39752 | Shoals:3 | Killed Donald
 39845 | Shoals:3 | Noticed Polyphemus
 39852 | Shoals:3 | Killed Polyphemus
 39925 | Shoals:3 | Found Nabu's Dragon-Slaying Spoils.
 40249 | Shoals:4 | Entered Level 4 of the Shoals
 40286 | Shoals:4 | Reached XP level 23. HP: 232/232 MP: 19/19
 40525 | Shoals:4 | Identified the +7 hand axe of Triumph {antimagic, rElec rC+
                  | Will++ Str-3}
 40622 | Shoals:4 | Got a barnacled rune of Zot
 40735 | Shoals:4 | Identified the +11 flail of Cowardice {spect, rC+ Will+
                  | Str-5 Int+5}
 41349 | Vaults:5 | Entered Level 5 of the Vaults
 41356 | Vaults:5 | Reached skill level 19 in Shapeshifting
 41609 | Vaults:5 | Identified the ring of Recwyf {*Slow Str+5 Int-5 Slay+4
                  | Stlth+}
 41612 | Vaults:5 | Identified the +0 robe of Peek-a-Boo {-Tele rElec Will+
                  | SInv}
 41625 | Vaults:5 | Identified the +9 hand axe "Dosew" {drain, *Rage Fly rPois
                  | rN+ Str+2}
 41643 | Vaults:4 | Reached skill level 15 in Shields
 41667 | Vaults:5 | Identified the ring "Xikhlipsi" {Ice rN++}
 41701 | Vaults:4 | Reached skill level 15 in Dodging
 41732 | Vaults:5 | Noticed a dread lich
 41756 | Vaults:4 | Killed a dread lich
 41757 | Vaults:4 | Reached skill level 15 in Fighting
 41866 | Vaults:5 | Noticed an ancient lich
 41877 | Vaults:4 | Killed an ancient lich
 42008 | D:14     | You paid a toll of +2 gold dragon scales to enter a
                  | treasure trove
 42009 | Trove    | Entered a treasure trove
 42028 | Trove    | Identified the +1 robe of the Guild-Master {rN++}
 42035 | Trove    | Identified the amulet "Rysuh" {Spirit rPois rCorr Int-5
                  | SInv}
 42042 | Trove    | Identified the +5 great mace of Dutemn {freeze, rElec rC+
                  | rN+ rCorr}
 42239 | Vaults:5 | Noticed an ancient lich
 42246 | Vaults:5 | Killed an ancient lich
 42275 | Vaults:5 | Identified the +4 glaive of Destruction {freeze, rCorr
                  | Dex+3}
 42889 | Vaults:5 | Noticed an ancient lich
 42899 | Vaults:5 | Killed an ancient lich
 43066 | Vaults:5 | Found Totem's Antique Weapon Boutique.
 43165 | Vaults:5 | Got a silver rune of Zot
 43260 | Vaults:5 | Identified the +0 ring mail of the Boiling Point {Int+2}
 43348 | Crypt:1  | Entered Level 1 of the Crypt
 43451 | Crypt:1  | Reached XP level 24. HP: 248/248 MP: 19/19
 43534 | Crypt:1  | Found the +2 hood of the Assassin {Detect Stab+ Stlth++}
 44902 | Crypt:3  | Entered Level 3 of the Crypt
 45190 | Crypt:3  | Found a staircase to the Tomb.
 45246 | Crypt:3  | Noticed a dread lich
 45255 | Crypt:3  | Killed a dread lich
 45667 | Crypt:3  | Noticed an ancient lich
 45667 | Crypt:3  | Noticed an ancient lich
 45667 | Crypt:3  | Noticed an ancient lich
 45667 | Crypt:3  | Noticed a dread lich
 45674 | Crypt:3  | Killed an ancient lich
 45680 | Crypt:3  | Killed an ancient lich
 45693 | Crypt:3  | Killed a dread lich
 45697 | Crypt:3  | Killed an ancient lich
 45709 | Crypt:3  | Identified the +8 spear "Qeewn" {holy, Str+2 Int+2 Dex-4}
 45712 | Crypt:3  | Identified the +6 mace of Expedience {flame, *Slow Dex+4}
 45715 | Crypt:3  | Identified the ring "Pis Koxe" {+Blink EV+5 Dex+6}
 45724 | Crypt:3  | Identified the +7 dagger "Vupofoez" {spect, rN+ rCorr
                  | Dex+3}
 45886 | D:15     | Entered Level 15 of the Dungeon
 45924 | D:15     | Found Hestaime's Weapon Shoppe.
 46004 | D:15     | Found a staircase to the Depths.
 46612 | Depths:1 | Entered Level 1 of the Depths
 46612 | Depths:1 | Found Ysicol's Distillery.
 46663 | Depths:1 | Bought a potion of curing for 54 gold pieces
 46663 | Depths:1 | Bought a potion of ambrosia for 144 gold pieces
 46663 | Depths:1 | Bought a potion of curing for 54 gold pieces
 46663 | Depths:1 | Bought a potion of curing for 54 gold pieces
 46663 | Depths:1 | Bought a potion of curing for 54 gold pieces
 46663 | Depths:1 | Bought a potion of cancellation for 144 gold pieces
 46672 | Depths:1 | Noticed Sojobo
 46682 | Depths:1 | Killed Sojobo
 46764 | Depths:1 | Found a one-way gate leading to the halls of Pandemonium.
 46828 | Depths:1 | Found a gateway to Hell.
 47106 | Depths:1 | Found a burning altar of Makhleb.
 47286 | Depths:1 | Found a burning altar of Makhleb.
 47286 | Depths:1 | Found the +16 obsidian axe {drain, demonic, Mesm Drain Fly
                  | SInv}
 47537 | Depths:2 | Reached XP level 25. HP: 261/261 MP: 19/19
 47600 | Depths:2 | Identified the +0 pair of boots "Dauma" {Harm Str+2}
 47613 | Depths:2 | Found an ancient bone altar of Kikubaaqudgha.
 47615 | Depths:2 | Found a one-way gateway to a ziggurat.
 47851 | Depths:2 | Identified the +5 whip of Mihuczyr {speed, *Rage rF+ Str+3
                  | Int+3}
 47893 | Depths:2 | Found a shimmering blue altar of Sif Muna.
 48151 | Depths:2 | Found a snail-covered altar of Cheibriados.
 48185 | Depths:2 | Identified the +5 long sword "Ryzi" {antimagic, rN+++ rCorr
                  | Int-2 Stlth+}
 48303 | Depths:2 | Reached skill level 20 in Shapeshifting
 48635 | Depths:2 | Identified the +4 quarterstaff of Watchfulness {heavy,
                  | Str+3}
 48704 | Depths:2 | Noticed Norris
 48714 | Depths:2 | Killed Norris
 48981 | Depths:3 | Identified the ring "Kacixkie" {Contam rF- Will+++ Str+6}
 49165 | Depths:3 | Found a runed translucent gate.
 49165 | Depths:3 | Found a runed translucent gate.
 49165 | Depths:3 | Found a runed translucent gate.
 49165 | Depths:3 | Noticed Hulu's ghost (veteran GrEE)
 49184 | Depths:3 | Killed Hulu's ghost
 49959 | Depths:4 | Entered Level 4 of the Depths
 50466 | Depths:4 | Reached XP level 26. HP: 196/274 MP: 19/19
 50469 | Depths:4 | Noticed Mennas
 50480 | Depths:4 | Killed Mennas
 50626 | Depths:4 | Found a gate to the Realm of Zot.
 50726 | Zot:1    | Entered Level 1 of the Realm of Zot
 50987 | Vaults:1 | Killed Lianjan's ghost
 51129 | Hell     | Entered the Vestibule of Hell
 51129 | Hell     | Noticed Geryon
 51129 | Hell     | Noticed Murray
 51143 | Depths:1 | Reached skill level 21 in Shapeshifting
 51162 | Depths:1 | Killed Murray
 51295 | Hell     | Found a gateway to the freezing wastes of Cocytus.
 51566 | Hell     | Gained mutation: You cannot study or cast Fire magic. [Ru
                  | sacrifice]
 51566 | Hell     | Gained mutation: You cannot study or cast Transmutations
                  | magic. [Ru sacrifice]
 51566 | Hell     | Gained mutation: You cannot study or cast Necromancy magic.
                  | [Ru sacrifice]
 51566 | Hell     | Reached ****** piety under Ru
 51577 | Hell     | Killed Geryon
 51927 | Hell     | Found a gateway to the decaying netherworld of Tartarus.
 51978 | Hell     | Found a gateway to the ashen valley of Gehenna.
 52078 | Hell     | Found a gateway to the Iron City of Dis.
 52510 | Slime:1  | Entered Level 1 of the Pits of Slime
 54498 | Slime:4  | Gained mutation: You are frail. (-10% HP) [a shining eye]
 54500 | Slime:4  | Gained mutation: You occasionally lose the ability to drink
                  | potions when taking damage. [a shining eye]
 54524 | Slime:4  | Lost mutation: You sometimes lose your temper in combat.
                  | [potion of mutation]
 54524 | Slime:4  | Lost mutation: Your magical capacity is low. (-10% MP)
                  | [potion of mutation]
 54524 | Slime:4  | Gained mutation: You regenerate. [potion of mutation]
 54524 | Slime:4  | Gained mutation: Your spells are a little harder to cast,
                  | but a little more powerful. [potion of mutation]
 54524 | Slime:4  | Lost mutation: You are frail. (-10% HP) [potion of
                  | mutation]
 54525 | Slime:4  | Lost mutation: You occasionally lose the ability to drink
                  | potions when taking damage. [potion of mutation]
 54525 | Slime:4  | Lost mutation: You regenerate. [potion of mutation]
 54525 | Slime:4  | Gained mutation: You have a pair of small horns on your
                  | head. [potion of mutation]
 54525 | Slime:4  | Gained mutation: Your magical capacity is low. (-10% MP)
                  | [potion of mutation]
 54665 | Slime:5  | Entered Level 5 of the Pits of Slime
 54789 | Slime:5  | Noticed the Royal Jelly
 54806 | Slime:5  | Killed the Royal Jelly
 54932 | Slime:5  | Identified the amulet of Creativity {Regen+ Dex+3 Stlth+}
 54937 | Slime:5  | Identified the +0 pair of gloves of Subjectivity {*Slow Fly
                  | rElec Int+2}
 54975 | Slime:5  | Got a slimy rune of Zot
 55007 | Slime:5  | Identified the +10 battleaxe of Execution {flame, rPois
                  | Stlth+}
 55017 | Slime:5  | Identified the amulet of the Evening {Spirit Rampage Will-
                  | Int+6}
 55042 | Slime:5  | Got a peculiar book
 55043 | Slime:5  | Identified the +2 pair of gloves "Safud" {rF+ Will- Str+6
                  | Dex+2}
 55044 | Slime:5  | Identified the amulet of Vukhag {Spirit rF+ Will++ Regen+
                  | Int-2}
 55062 | Slime:5  | Identified the +3 glaive of Garchyla {pain, Int+7}
 55063 | Slime:5  | Identified the ring of Awkevadi {rC++ rN+ SInv}
 55436 | Slime:4  | Paralysed by a great orb of eyes for 5 turns
 55567 | Slime:4  | Gained mutation: You are partially covered in iridescent
                  | scales. (AC +2) [a shining eye]
 55569 | Slime:4  | Reached XP level 27. HP: 272/272 MP: 19/19
 55577 | Slime:4  | Reached skill level 22 in Shapeshifting
 56976 | Zot:1    | Found a runed translucent door.
 56977 | Zot:1    | Noticed Visuc's ghost (master GrBe)
 56991 | Zot:1    | Killed Visuc's ghost
 57121 | Zot:2    | Found a transporter.
 57126 | Zot:2    | Noticed Coluruets's ghost (legendary HuBe)
 57129 | Zot:2    | Noticed a dread lich
 57153 | Zot:2    | Found a transporter.
 58054 | Zot:3    | Identified the +2 whip "Etyp" {venom, rElec Int+2 Dex+2}
 59056 | Zot:4    | Found Xeuviop's CLEARANCE SALE!.
 59126 | Zot:5    | Entered Level 5 of the Realm of Zot
 59667 | Zot:5    | Noticed an ancient lich
 59674 | Zot:5    | Killed an ancient lich
 59972 | Zot:5    | Noticed an orb of fire
 59989 | Zot:5    | Killed an orb of fire
 60011 | Zot:5    | Noticed an orb of fire
 60013 | Zot:5    | Noticed an orb of fire
 60020 | Zot:5    | Noticed an orb of fire
 60020 | Zot:5    | Gained mutation: Your magical capacity is very low. (-20%
                  | MP) [an orb of fire]
 60024 | Zot:5    | Killed an orb of fire
 60025 | Zot:5    | Noticed an orb of fire
 60029 | Zot:5    | Killed an orb of fire
 60035 | Zot:5    | Noticed a dread lich
 60036 | Zot:5    | Killed an orb of fire
 60038 | Zot:5    | Noticed an orb of fire
 60038 | Zot:5    | Noticed a dread lich
 60040 | Zot:5    | Noticed an orb of fire
 60041 | Zot:5    | Gained mutation: You have hidden genetic potential. [an orb
                  | of fire]
 60042 | Zot:5    | Gained mutation: Your body sometimes deteriorates upon
                  | taking damage. [an orb of fire]
 60047 | Zot:5    | Noticed an orb of fire
 60057 | Zot:5    | Gained mutation: You are mostly covered in iridescent
                  | scales. (AC +4) [an orb of fire]
 60166 | Zot:5    | Killed a dread lich
 60169 | Zot:5    | Killed an orb of fire
 60176 | Zot:5    | Killed an orb of fire
 60178 | Zot:5    | Gained mutation: You occasionally lose the ability to drink
                  | potions when taking damage. [an orb of fire]
 60182 | Zot:5    | Killed an orb of fire
 60182 | Zot:5    | Gained mutation: You are very clumsy. (Dex -4) [an orb of
                  | fire]
 60187 | Zot:5    | Gained mutation: Your magical capacity is extremely low.
                  | (-30% MP) [an orb of fire]
 60191 | Zot:5    | Killed an orb of fire
 60192 | Zot:5    | Reached skill level 23 in Shapeshifting
 60212 | Zot:4    | Killed a dread lich
 60214 | Zot:4    | Lost mutation: Your spells are a little harder to cast, but
                  | a little more powerful. [potion of mutation]
 60214 | Zot:4    | Lost mutation: You have a pair of small horns on your head.
                  | [potion of mutation]
 60214 | Zot:4    | Gained mutation: Your muscles are strong. (Str +4, Int/Dex
                  | -1) [potion of mutation]
 60215 | Zot:4    | Lost mutation: Your body sometimes deteriorates upon taking
                  | damage. [potion of mutation]
 60215 | Zot:4    | Lost mutation: Your muscles are strong. (Str +4, Int/Dex
                  | -1) [potion of mutation]
 60215 | Zot:4    | Gained mutation: You are frail. (-10% HP) [potion of
                  | mutation]
 60215 | Zot:4    | Gained mutation: Your mind is acute. (Int +4, Str/Dex -1)
                  | [potion of mutation]
 60217 | Zot:4    | Lost mutation: You have hidden genetic potential. [potion
                  | of mutation]
 60217 | Zot:4    | Lost mutation: You are frail. (-10% HP) [potion of
                  | mutation]
 60217 | Zot:4    | Lost mutation: You are very clumsy. (Dex -4) [potion of
                  | mutation]
 60217 | Zot:4    | Lost mutation: Your magical capacity is extremely low.
                  | (-30% MP) [potion of mutation]
 61081 | Zot:5    | Got the Orb of Zot
 61099 | Zot:5    | Noticed a seraph
 61116 | Zot:5    | Noticed Boris
 61136 | Zot:4    | Killed a seraph
 61137 | Zot:4    | Killed Boris
 61352 | Depths:4 | Gained mutation: You sometimes lose your temper in combat.
                  | [a cacodemon]
 61907 | D:1      | Noticed a seraph
 61910 | D:$      | Escaped with the Orb!

Illustrated notes

Levels and vault maps discovered:
D:1:      amcnicky_arrival_gap_in_the_tavern_cellar, layout_loops_ring,
          ebering_ecumenical_altar_sacrificial
D:2:      layout_loops_ring, hangedman_decor_riveting,
          chequers_decorated_corner, minmay_hexomino_f4
D:3:      kennysheep_six_static_rooms, layout_loops_ring,
          ashenzari_conservatory_becter, bloody_trog, elyvilon_altar_3,
          jmf_multi_god_temple2, serial_shops, shop, uniq_jessica
D:4:      layout_layer_cave, mainiacjoe_overflow_alcove_1,
          nicolae_tso_carved_into_rock, lemuel_mausoleum_altar_kikubaaqudgha,
          mainiacjoe_overflow_surrounded_room, grunt_decor_fettered,
          uniq_sigmund, uniq_edmund, uniq_natasha
D:5:      layout_basic, makhleb_blood_cavern_becter, minmay_temple_entry_waves,
          gammafunk_ghost_split, nicolae_hexahallways, uniq_duvessa
D:6:      layout_basic, uniq_maggie
D:7:      layout_layer_cave, kb_xom_exploding_sheep,
          gammafunk_ghost_berserking_beasts, enter_ossuary_5
D:8:      layout_loops_ring
D:9:      layout_stronghold, hangedman_abyss_or_decor_clamps,
          grunt_decor_one_mirror, uniq_harold
D:10:     layout_loops_ring, nicolae_overflow_hidden_temple, kennysheep_mini,
          worldfamousw_hep_ancestral_shrine, orc_0_dummy, enter_bailey_2,
          nicolae_elevator_lobby_plus, uniq_psyche, uniq_snorg, uniq_fannar
D:11:     layout_loops_cross, lair_entry_dummy, serial_bayou_pond_a
D:12:     minmay_the_grid_triangle_9x9_recursive_3_mashed
          [minmay_the_grid_triangle_9x9_corrupted_corridor,
          minmay_the_grid_triangle_9x9_zippers_horizontal,
          minmay_the_grid_triangle_9x9_zippers_vertical,
          minmay_the_grid_triangle_9x9_prize_insulated,
          minmay_the_grid_triangle_9x9_thin_v,
          minmay_the_grid_triangle_9x9_shrine,
          minmay_the_grid_triangle_9x9_wacky_v,
          minmay_the_grid_triangle_9x9_pentomino_pain,
          minmay_the_grid_triangle_9x9_semitri], layout_rooms
D:13:     layout_roguey, hellmonk_ghost_big_iron
D:14:     kennysheep_demon_hangout, layout_loops_ring, david_vaults_3,
          nicolae_trove_entry_free_sample, kennysheep_crisscross, uniq_roxanne,
          uniq_josephine
D:15:     grunt_enter_depths_snipers, layout_small_grid,
          chequers_serial_rivers_room_b, serial_shops, shop,
          minmay_misc_feat_columns
Temple:   hellmonk_temple_of_storms
Lair:1:   layout_regular_city, serial_bayou_pond_e, grunt_megastairs_1,
          serial_bayou_shore_b, lemuel_fruit_tree
Lair:2:   layout_hall_layers, minmay_shoals_entry_centaurs,
          minmay_snake_entry_six_corridors, lemuel_fruit_fields,
          infiniplex_staircase_pool, uniq_amaemon
Lair:3:   statuecave_lemuel, layout_regular_city
Lair:4:   layout_small_grid, slime_entry_1
Lair:5:   grunt_lair_end_beastmaster, layout_hall_layers,
          infiniplex_staircase_pool_2, grunt_megastairs_5
Shoals:1: layout_shoals, hangedman_shoal_volcano
Shoals:2: layout_shoals, uniq_ilsuiw
Shoals:3: layout_shoals, nicolae_alphabet_shops, nicolae_shop_dragon_depot,
          uniq_mlioglotl, uniq_polyphemus, uniq_donald
Shoals:4: shoals_end_grunt_garden, layout_shoals, nicolae_shoals_shepherds
Snake:1:  layout_chambers, nicolae_snake_gridmaze_swirls, uniq_asterion,
          uniq_kirke
Snake:2:  layout_grid_shapes, nicolae_integral_box, uniq_frances
Snake:3:  layout_chambers, nicolae_snake_salamander_jacuzzi, minmay_shop_star,
          uniq_nikola
Snake:4:  snake_pit_salamanders_mu, layout_onion_interference, basic_altar,
          nicolae_snake_springs
Slime:1:  layout_caves
Slime:2:  layout_caves, basic_altar
Slime:3:  layout_caves
Slime:4:  layout_caves, cheibrodos_slime_lost_civilization_7
Slime:5:  slime_pit_nicolae_jellycorners
Orc:1:    layout_caves, nicolae_orc_rockfall, uniq_erolcha
Orc:2:    st_orc_town, layout_diamond_mine, basic_altar
Elf:1:    eino_elf_arrival_shootout, layout_gridlike, serial_shops, shop,
          hangedman_elf_represent
Elf:2:    elven_hall_of_blades_hangedman_original
          [nicolae_blade_entry_diamond_columns], layout_geoelf_octagon,
          gammafunk_ghost_grave, st_stairs_5, serial_sigils_hangedman_scar
Elf:3:    elf_hall_gauntlet_narrow, layout_loops_corners, basic_altar,
          infiniplex_enter_wizlab_spiral
Vaults:1: gammafunk_ghost_abyssal_escape, nicolae_vaults_angled_halls,
          vaults_mumra_hex, vaults_standard_mumra_x, v_misc_28,
          vaults_room_corners, nicolae_vaults_alarming,
          nicolae_vaults_diamond_1, nicolae_vaults_surprise_closet,
          layout_vaults_omnigrid, serial_shops, nicolae_shop_statue_plus
Vaults:2: nicolae_vaults_steering_wheel, minmay_crypt_entry_simple_sparse,
          nicolae_vaults_shrinking_rooms_2, nicolae_vaults_sealed_display,
          ontoclasm_vaults_fault, nicolae_vaults_big_ls,
          nicolae_vaults_tetromino_T_1, nicolae_vaults_big_angled_halls,
          ontoclasm_vaults_eye, v_misc_11, nicolae_vaults_tetromino_Z_1,
          nicolae_vaults_meeting, nicolae_vaults_trapezoid_3,
          nicolae_vaults_trapezoid_3, nicolae_vaults_apartment_1,
          layout_vaults_maze
Vaults:3: hangedman_vaults_stitches, v_alt_pattern_4,
          vaults_standard_mumra_enter_the_diamond, nicolae_vaults_puzzle_piece,
          nicolae_vaults_house_2, nicolae_vaults_mini_display_case,
          nicolae_vaults_network_square, ontoclasm_vaults_bender,
          nicolae_vaults_trapezoid_lopsided_1, nicolae_vaults_surprise_closet,
          nicolae_vaults_trapezoid_layered, layout_vaults_omnibox
Vaults:4: vaults_room_stairs_pillars, hangedman_vaults_slice,
          vaults_room_semicircle, ontoclasm_vaults_spin,
          nicolae_vaults_tetromino_Z_2, nicolae_vaults_tetromino_T_1,
          nicolae_vaults_closet_pinwheel_5, ontoclasm_vaults_twist,
          vaults_dpeg_doors, vaults_mumra_chevron,
          nicolae_vaults_storage_room_statues, v_misc_12,
          nicolae_vaults_network_s, nicolae_vaults_tetromino_T_1, v_misc_30,
          layout_vaults_omnicross, uniq_boris
Vaults:5: serial_shops
Crypt:1:  hangedman_screamer, layout_regular_city, basic_altar,
          grunt_crypt_arrival_split
Crypt:2:  layout_rooms, uniq_josephina
Crypt:3:  david_glass_crypt, layout_misc_corridors, tomb_entry_forgotten_bobbens
Depths:1: layout_cave_pools, serial_shops, nicolae_shop_industrial_runoff,
          hangedman_abyss_or_decor_passed, pf_hell_entry_tar_spiral,
          rand_demon_pan_entry_8, grunt_guarded_unrand_obsidian_axe, uniq_sojobo
Depths:2: grunt_profane_halls [grunt_profane_temple_geh,
          grunt_profane_temple_tar, grunt_profane_temple_coc,
          grunt_profane_temple_dis, grunt_profane_loot], serial_shops,
          pan_entry, hell_entry, uniq_norris
Depths:3: lemuel_troll_bridge, layout_gridlike, hangedman_decor_lopped,
          abyss_entry, grunt_metal_band, nicolae_yredelemnul_ghost_church,
          minmay_staircase_windowed_small
Depths:4: grunt_zot_entry_tricorne, layout_twisted_cross, hell_entry,
          uniq_mennas
Hell
Zot:1:    kennysheep_room_grid, layout_misc_corridors,
          ebering_ghost_inner_flame, grunt_ministairs_4, st_stairs_3,
          nicolae_lava_and_water
Zot:2:    layout_basic, gammafunk_ghost_mausoleum, grunt_ministairs_1
Zot:3:    layout_gridlike
Zot:4:    kennysheep_blocky_hall, layout_gridville, nicolae_shop_clearance
Zot:5:    layout_misc_corridors, st_stairs_1

Skill      XL: |  1  2  3  4  5  6  7  8  9 10 11 12 13 14 15 16 17 18 19 20 21 22 23 24 25 26 27 |
---------------+----------------------------------------------------------------------------------+-----
Fighting       | 1 2 3 4 5 6 8 9 10 11 12 13 14 15 17 18 20 | 20.4
Dodging        | 2 3 4 5 6 7 8 9 10 11 12 13 14 15 17 18 20 | 20.3
Unarmed Combat | 4 5 6 7 8 10 11 12 13 14 15 16 17 18 19 | 19.0
Shapeshifting  | 4 5 6 7 8 9 10 11 12 13 14 16 17 18 19 20 21 23 | 23.0
Throwing       | 2 3 4 6 7 8 9 11 12 13 15 16 17 19 | 19.4
Shields        | 3 6 9 11 13 15 16 17 | 17.0

Action                     |  1- 3 |  4- 6 |  7- 9 | 10-12 | 13-15 | 16-18 | 19-21 | 22-24 | 25-27 || total
---------------------------+-------+-------+-------+-------+-------+-------+-------+-------+-------++-------
  Melee: Unarmed           |    81 |   124 |   283 |   649 |   807 |   799 |   906 |  1393 |  1983 ||  7025
         Punch             |     2 |     1 |     8 |     8 |     3 |     7 |       |       |       ||    29
         Constrict         |       |       |       |    11 |   172 |    35 |       |       |       ||   218
         Headbutt          |       |       |       |       |       |       |       |       |   168 ||   168
  Throw: Throwing net      |       |       |       |     1 |       |       |       |       |     3 ||     4
         Large rock        |       |       |       |       |     1 |    13 |     4 |    60 |    30 ||   108
 Invoke: Sacrifice Durabil |       |       |     1 |       |       |       |       |       |       ||     1
         Sacrifice Purity  |       |       |       |     1 |     1 |       |       |       |       ||     2
         Sacrifice Stealth |       |       |       |     1 |       |       |       |       |       ||     1
         Reject Sacrifices |       |       |       |     1 |     1 |     1 |     2 |     1 |       ||     6
         Sacrifice Words   |       |       |       |       |     1 |       |       |       |       ||     1
         Draw Out Power    |       |       |       |       |       |     2 |       |       |     1 ||     3
         Sacrifice Love    |       |       |       |       |       |     1 |       |       |       ||     1
         Power Leap        |       |       |       |       |       |     3 |     1 |     5 |    10 ||    19
         Apocalypse        |       |       |       |       |       |     1 |     2 |     2 |     4 ||     9
         Sacrifice Arcana  |       |       |       |       |       |       |       |       |     1 ||     1
  Evoke: Wand              |       |       |       |     2 |       |       |     1 |     2 |     2 ||     7
         Lightning rod     |       |       |       |       |     2 |       |       |       |       ||     2
         Phantom mirror    |       |       |       |       |     1 |       |       |       |       ||     1
         Condenser vane    |       |       |       |       |     1 |       |       |       |       ||     1
    Use: Scroll            |     2 |     5 |     7 |     4 |     6 |     6 |     8 |     9 |    10 ||    57
         Potion            |       |     2 |     2 |     6 |     5 |     8 |     1 |       |    11 ||    35
   Stab: Sleeping          |       |     1 |     1 |       |       |       |       |       |       ||     2
         Distracted        |       |     1 |       |       |       |     4 |     2 |     6 |     5 ||    18
         Paralysed         |       |       |       |     3 |       |     5 |     7 |     7 |     8 ||    30
         Invisible         |       |       |       |     1 |     2 |    10 |     2 |     9 |    10 ||    34
         Petrified         |       |       |       |       |     8 |       |       |       |       ||     8
         Petrifying        |       |       |       |       |     1 |       |       |       |       ||     1
 Armour: Animal skin       |    35 |    26 |       |       |       |       |       |       |       ||    61
         Robe              |       |    37 |    69 |       |       |       |       |       |       ||   106
         Skin              |       |    14 |     8 |   116 |   478 |   971 |   898 |  1820 |  2590 ||  6895
         Steam dragon scal |       |       |    36 |   311 |       |       |       |       |       ||   347
         Troll leather arm |       |       |    20 |       |       |       |       |       |       ||    20
  Dodge: Dodged            |    35 |    35 |   112 |   324 |   397 |   454 |   390 |   881 |  1353 ||  3981
  Block: Other             |       |    27 |    42 |   153 |   148 |    87 |       |       |       ||   457
         Reflection        |       |     4 |     2 |     4 |     3 |    68 |    91 |   176 |    28 ||   376
         Kite shield       |       |       |       |       |       |   571 |   914 |  1902 |  2961 ||  6348
   Form: Flux              |       |       |       |     2 |       |       |       |       |       ||     2
         Anaconda          |       |       |       |     2 |       |     1 |       |       |       ||     3
         Statue            |       |       |       |       |       |     2 |       |     1 |       ||     3
                           |       |       |       |       |       |       |       |     1 |       ||     1

Table legend: (Time is in decaauts)
 A = Elapsed time spent in this place.
 B = Non-inter-level travel time spent in this place.
 C = Inter-level travel time spent in this place.
 D = Time resting spent in this place.
 E = Time spent auto-exploring this place.
 F = Levels seen in this place.
 G = Mean time per level.
                   A        B        C        D        E       F      G
               +--------+--------+--------+--------+--------+-----+--------+
         Total |  80487 |  71256 |   9231 |   6724 |  42992 |  61 | 1319.5 |
       Dungeon |  17434 |  14301 |   3133 |    773 |  10225 |  15 | 1162.3 |
        Temple |     18 |     10 |      8 |      0 |      0 |   1 |   18.0 |
          Lair |   6795 |   5758 |   1037 |    652 |   3883 |   5 | 1359.0 |
        Shoals |   4162 |   3809 |    353 |     40 |   2868 |   4 | 1040.5 |
     Snake Pit |   7829 |   7202 |    627 |    610 |   4865 |   4 | 1957.2 |
    Slime Pits |   4982 |   4688 |    294 |    327 |   2586 |   5 |  996.4 |
  Orcish Mines |   2001 |   1628 |    373 |    148 |    824 |   2 | 1000.5 |
   Elven Halls |   5576 |   4994 |    582 |    443 |   3183 |   3 | 1858.7 |
        Vaults |  10989 |   9744 |   1245 |   1002 |   6167 |   5 | 2197.8 |
         Crypt |   3624 |   3362 |    262 |    196 |   1974 |   3 | 1208.0 |
        Depths |   7277 |   6466 |    811 |   1214 |   1812 |   4 | 1819.2 |
          Hell |    923 |    857 |     66 |      8 |    507 |   1 |  923.0 |
           Zot |   7290 |   6853 |    437 |   1194 |   3697 |   5 | 1458.0 |
         Trove |     73 |     73 |      0 |      0 |      0 |   1 |   73.0 |
       Ossuary |    158 |    158 |      0 |      0 |      0 |   1 |  158.0 |
        Bailey |    373 |    373 |      0 |     59 |     25 |   1 |  373.0 |
        Wizlab |    978 |    978 |      0 |     54 |    370 |   1 |  978.0 |
               +--------+--------+--------+--------+--------+-----+--------+

Top non-repeatable levels by time:
Vaults:4: 2668 daAuts
   Zot:5: 2506 daAuts
Vaults:1: 2292 daAuts
Depths:1: 2259 daAuts
 Snake:3: 2239 daAuts
   Elf:3: 2219 daAuts
Depths:3: 2152 daAuts
Vaults:2: 2149 daAuts
 Snake:1: 2075 daAuts
Vaults:3: 2075 daAuts
 Snake:4: 1977 daAuts
Vaults:5: 1803 daAuts
Depths:2: 1798 daAuts
   Elf:2: 1700 daAuts
   Elf:1: 1656 daAuts
